 Dungeon Crawl Stone Soup version 0.26.1-11-gd32895ea62 (console) character file.

Game seed: 3658853536538563670

33644 lamer6 the Blocker (level 13, -3/119 HPs)
             Began as a Minotaur Fighter on July 5, 2021.
             Was an Initiate of Ru.
             Slain by a very large slime creature (18 damage)
             ... on level 14 of the Dungeon.
             The game lasted 00:37:47 (15850 turns).

lamer6 the Blocker (Minotaur Fighter)              Turns: 15850, Time: 00:37:48

Health: -3/119     AC: 26    Str: 26    XL:     13   Next: 37%
Magic:  12/12      EV: 14    Int:  5    God:    Ru [......]
Gold:   987        SH: 24    Dex: 16    Spells: 12/12 levels left

rFire    . . .     SeeInvis +   a - +10 morningstar {elec, Halo rElec}
rCold    . . .     Faith    .   c - +5 kite shield
rNeg     + . .     Spirit   .   n - +0 scale mail of Unreason {Will+++ Str+4 SInv Stlth-} (curse)
rPois    .         Reflect  +   N - +2 hat {Will+}
rElec    +         Harm     .   y - +0 cloak
rCorr    .         Rampage  .   f - +0 pair of gloves
Will     ++++.                  S - +2 pair of boots
Stlth    ..........             J - amulet of Optufex {Reflect +Blink rN+ Dex+2 SH+5}
HPRegen  0.29/turn              j - +4 ring of protection
MPRegen  0.13/turn              V - +4 ring of protection

@: glowing
A: retaliatory headbutt, horns 2
a: Renounce Religion, Evoke Blink


You were on level 14 of the Dungeon.
You worshipped Ru.
Ru was noncommittal.
You visited 2 branches of the dungeon, and saw 15 of its levels.

You collected 1057 gold pieces.
You spent 70 gold pieces at shops.

Inventory:

Hand Weapons
 a - the +10 morningstar "Eos" (weapon) {elec, Halo rElec}
   (You found it on level 7 of the Dungeon)

   Occasionally, upon striking a foe, it can discharge electrical energy and
   cause terrible harm.
   It insulates you from electricity.
 b - a +0 trident
Missiles
 h - 442 stones (quivered)
 A - 26 poisoned darts
 B - 8 atropa-tipped darts
 H - 11 javelins
 P - 31 boomerangs
 Q - 3 curare-tipped darts
Armour
 c - a +5 kite shield (worn)
 f - a +0 pair of gloves (worn)
 n - the cursed +0 scale mail of Unreason (worn) {Will+++ Str+4 SInv Stlth-}
   (You found it on level 13 of the Dungeon)

   It affects your strength (+4).
   It affects your willpower, your defense against some magical effects.
   It lets you see invisible.
   It makes you less stealthy.
   It has a curse placed upon it.
 y - a +0 cloak (worn)
 z - a +0 plate armour
 N - a +2 hat of willpower (worn)
 S - a +2 pair of boots (worn)
Jewellery
 j - a +4 ring of protection (left hand)
 C - an uncursed ring of ice
 J - the amulet of Optufex (around neck) {Reflect +Blink rN+ Dex+2 SH+5}
   (You found it on level 8 of the Dungeon)

   [amulet of reflection]

   It shields you and reflects attacks.
   It affects your dexterity (+2).
   It protects you from negative energy.
   It lets you blink.
   It affects your SH (+5).
 V - a +4 ring of protection (right hand)
Wands
 D - a wand of flame (65)
 F - a wand of iceblast (13)
 K - a wand of acid (12)
 L - a wand of polymorph (7)
 R - a wand of disintegration (17)
 U - a wand of digging (5)
Scrolls
 e - 7 scrolls of enchant armour
 g - 4 scrolls of teleportation
 k - 2 scrolls of immolation {unknown}
 l - 13 scrolls of remove curse
 m - 3 scrolls of blinking {unknown}
 p - 2 scrolls of fog {unknown}
 q - 3 scrolls of magic mapping {unknown}
 t - 7 scrolls of fear {unknown}
 w - a scroll of silence {unknown}
 M - 5 scrolls of identify
 O - 3 scrolls of random uselessness {unknown}
 W - 2 scrolls of enchant weapon {unknown}
 X - 2 scrolls of holy word {unknown}
 Y - a scroll of torment {unknown}
 Z - a scroll of vulnerability {unknown}
Potions
 d - 6 potions of might
 i - 5 potions of curing
 o - 3 potions of cancellation {unknown}
 r - 5 potions of flight
 s - 5 potions of attraction {unknown}
 u - a potion of magic {unknown}
 v - a potion of brilliance {unknown}
 x - 5 potions of heal wounds {unknown}
 E - 3 potions of berserk rage {unknown}
 G - 6 potions of ambrosia {unknown}
 I - 2 potions of haste {unknown}
 T - a potion of lignification {unknown}


   Skills:
 + Level 12.6 Fighting
 - Level 7.2 Long Blades
 * Level 12.5 Maces & Flails
 - Level 6.0 Throwing
 + Level 12.5 Armour
 - Level 6.0 Dodging
 + Level 12.9 Shields


You had 12 spell levels left.
You didn't know any spells.
Your spell library contained the following spells:

 Spells                   Type           Power        Failure   Level
 Freeze                   Ice            0%           78%         1
 Magic Dart               Conj           0%           78%         1
 Shock                    Conj/Air       0%           78%         1
 Summon Small Mammal      Summ           0%           78%         1
 Blink                    Tloc           N/A          89%         2
 Call Imp                 Summ           0%           89%         2
 Slow                     Hex            0%           89%         2
 Swiftness                Air            0%           89%         2
 Call Canine Familiar     Summ           0%           98%         3
 Conjure Flame            Conj/Fire      0%           98%         3
 Frozen Ramparts          Ice            0%           98%         3
 Mephitic Cloud           Conj/Pois/Air  0%           98%         3
 Ozocubu's Armour         Ice            0%           98%         3
 Static Discharge         Conj/Air       0%           98%         3
 Summon Guardian Golem    Hex/Summ       0%           98%         3
 Airstrike                Air            0%           100%        4
 Hailstorm                Conj/Ice       0%           100%        4
 Summon Ice Beast         Ice/Summ       0%           100%        4
 Summon Lightning Spire   Summ/Air       0%           100%        4
 Lightning Bolt           Conj/Air       0%           100%        5


Dungeon Overview and Level Annotations

Branches:
Dungeon (14/15)            Temple (1/1) D:6            Lair (0/6) D:11
    Orc (0/2) D:12         Vaults (0/5) D:13

Altars:
Ashenzari
Cheibriados
Dithmenos
Elyvilon
Fedhas
Gozag
Hepliaklqana
Kikubaaqudgha
Makhleb
Nemelex Xobeh
Okawaru
Qazlal
Ru
Sif Muna
Trog
Uskayaw
Vehumet
Wu Jian
Xom
Yredelemnul
Zin
The Shining One

Shops:
D:9 **

Annotations:
D:13 >Done
Temple Done


Innate Abilities, Weirdness & Mutations

You reflexively headbutt those who attack you in melee.
You have a pair of horns on your head.


Message History

You puncture the very large slime creature!
The very large slime creature is heavily wounded.
You block the very large slime creature's attack.
You bludgeon the very large slime creature!!
Lightning courses through the very large slime creature!
Your headbutt misses the very large slime creature.
The very large slime creature is severely wounded.
You block the very large slime creature's attack.
You sock the very large slime creature!
Lightning courses through the very large slime creature!
You headbutt the very large slime creature!
The very large slime creature is severely wounded.
A komodo dragon comes into view.
The very large slime creature hits you!
* * * LOW HITPOINT WARNING * * *
You puncture the very large slime creature!
Lightning courses through the very large slime creature!
The very large slime creature is almost dead.
The very large slime creature hits you!!
You die...

#.###############
#........J@...."#
.......########.#
....... (......
...$^.. .......
....... ..?....


You could see a very large slime creature.

Vanquished Creatures
  Gastronok (D:10)
  8 vault guards
  3 boulder beetles
  3 hydras (D:13)
  2 two-headed ogres
  A centaur warrior (D:13)
  2 unseen horrors
  2 slime creatures
  A deep elf mage (D:12)
  2 cyclopes
  A manticore (D:11)
  2 ugly things
  A centaur zombie (D:13)
  2 kobold demonologists (D:11)
  A queen bee (D:10)
  5 trolls
  3 hornets
  3 shadows
  A tarantella (shapeshifter) (D:12)
  3 yaks (D:10)
  A wraith (D:10)
  2 wyverns
  A basilisk (D:12)
  3 vampire mosquitoes (D:12)
  A soldier ant (D:13)
  Duvessa (D:5)
  7 orc warriors
  2 ice beasts (D:11)
  5 sky beasts
  An eye of draining (D:8)
  2 black bears
  2 necrophages
  6 ogres
  4 phantoms
  2 wolves (D:11)
  9 centaurs
  6 big kobolds
  7 bullfrogs
  2 wyvern zombies (D:12)
  2 gnoll sergeants (D:8)
  Dowan (D:5)
  A water moccasin skeleton (D:8)
  5 scorpions
  22 killer bees
  A troll zombie (D:12)
  4 wights (D:11)
  2 howler monkeys (D:7)
  8 electric eels (D:11)
  A jelly (D:14)
  2 bullfrog zombies
  2 gnoll shamans (D:8)
  15 hounds
  2 bullfrog skeletons
  10 centaur skeletons
  8 orc priests
  14 orc wizards
  5 iguanas
  4 worker ants
  5 ogre zombies (D:12)
  4 hound skeletons
  2 worker ant zombies
  12 adders
  18 gnolls
  3 shadow imps
  3 white imps
  An ufetubus (D:9)
  2 oozes
  2 adder skeletons
  2 worms (D:3)
  A dart slug (D:1)
  4 leopard geckos
  39 orcs
  6 bats
  3 giant cockroaches
  8 goblins
  11 hobgoblins
  7 jackals
  9 quokkas
  A ball python (D:4)
  3 frilled lizards
  2 goblin zombies (D:12)
  A hobgoblin skeleton (D:12)
  A hobgoblin zombie (D:12)
  37 kobolds
  A leopard gecko skeleton (D:9)
  A leopard gecko zombie (D:8)
  5 orc skeletons (D:12)
  10 orc zombies (D:12)
  8 rats
432 creatures vanquished.

Vanquished Creatures (others)
  A hound (D:11)
  A hobgoblin (D:8)
  3 kobolds
  9 plants (D:8)
14 creatures vanquished.

Grand Total: 446 creatures vanquished

Notes
Turn   | Place    | Note
-------+----------+-------------------------------------------
     0 | D:1      | lamer6 the Minotaur Fighter began the quest for the Orb.
     0 | D:1      | Reached XP level 1. HP: 19/19 MP: 0/0
   414 | D:1      | Reached XP level 2. HP: 24/27 MP: 1/1
  1320 | D:2      | Reached XP level 3. HP: 33/33 MP: 2/2
  1464 | D:2      | Found a hazy altar of Hepliaklqana.
  1527 | D:2      | Reached XP level 4. HP: 40/40 MP: 3/3
  2511 | D:3      | Reached XP level 5. HP: 47/47 MP: 4/4
  3823 | D:4      | Reached XP level 6. HP: 50/55 MP: 5/5
  3879 | D:4      | Reached skill level 5 in Long Blades
  4020 | D:4      | Reached skill level 5 in Fighting
  4020 | D:4      | Reached skill level 5 in Armour
  4020 | D:4      | Reached skill level 5 in Shields
  4137 | D:4      | Got a jade-encrusted scale mail
  4148 | D:4      | Identified the cursed +1 scale mail of the Desert {Slay+2}
                  | (You found it on level 4 of the Dungeon)
  4501 | D:5      | Entered Level 5 of the Dungeon
  4748 | D:5      | Noticed Duvessa
  4749 | D:5      | Noticed Dowan
  4756 | D:5      | Killed Duvessa
  4757 | D:5      | Reached XP level 7. HP: 59/61 MP: 6/6
  4761 | D:5      | Killed Dowan
  5032 | D:5      | Found a blossoming altar of Fedhas.
  5649 | D:6      | Reached XP level 8. HP: 63/71 MP: 7/7
  5932 | D:6      | Found a staircase to the Ecumenical Temple.
  5949 | Temple   | Entered the Ecumenical Temple
  6262 | Temple   | Became a worshipper of Ru the Awakened
  7130 | D:7      | Found the +10 morningstar "Eos" {elec, Halo rElec}
  7348 | D:7      | Reached skill level 1 in Maces & Flails
  7561 | D:7      | Reached XP level 9. HP: 62/80 MP: 8/8
  8173 | D:8      | Reached skill level 5 in Maces & Flails
  8690 | D:8      | Got a scorched amethyst amulet
  8721 | D:8      | Identified the amulet of Optufex {Reflect +Blink rN+ Dex+2
                  | SH+5} (You found it on level 8 of the Dungeon)
  9038 | D:8      | Reached XP level 10. HP: 83/90 MP: 9/9
  9153 | D:8      | Noticed a two-headed ogre
  9158 | D:8      | Killed a two-headed ogre
  9599 | D:9      | Found Geniomun's Serpentskin Sales.
  9633 | D:9      | Bought 6 poisoned darts for 40 gold pieces
  9633 | D:9      | Bought 3 curare-tipped darts for 30 gold pieces
  9780 | D:9      | Found Ucludgh's Assorted Antiques.
 10341 | D:10     | Entered Level 10 of the Dungeon
 10547 | D:10     | Reached skill level 1 in Dodging
 10828 | D:10     | Reached skill level 1 in Throwing
 10870 | D:10     | Noticed Gastronok
 10888 | D:10     | Killed Gastronok
 10889 | D:10     | Reached skill level 10 in Fighting
 10889 | D:10     | Reached skill level 10 in Maces & Flails
 10889 | D:10     | Reached skill level 10 in Armour
 10889 | D:10     | Reached skill level 10 in Shields
 10889 | D:10     | Reached XP level 11. HP: 72/99 MP: 10/10
 11189 | D:10     | Noticed a two-headed ogre
 11196 | D:10     | Killed a two-headed ogre
 11519 | D:10     | Noticed an unseen horror
 11525 | D:10     | Killed an unseen horror
 11623 | D:10     | Noticed a white ugly thing
 11628 | D:10     | Killed a white ugly thing
 11933 | D:11     | Got a scorched hunting sling
 12178 | D:11     | Identified the +3 hunting sling of the Wheel {speed, Int+5
                  | Dex+3} (You found it on level 11 of the Dungeon)
 12257 | D:11     | Found a staircase to the Lair.
 12456 | D:11     | Noticed a boulder beetle
 12467 | D:11     | Killed a boulder beetle
 12643 | D:11     | Reached XP level 12. HP: 110/110 MP: 11/11
 13064 | D:12     | Found a staircase to the Orcish Mines.
 13297 | D:12     | Found a hide-covered altar of Uskayaw.
 14154 | D:13     | Noticed a centaur warrior
 14154 | D:13     | Noticed a boulder beetle
 14157 | D:13     | Noticed a four-headed hydra
 14162 | D:13     | Killed a centaur warrior
 14163 | D:13     | Reached skill level 5 in Dodging
 14180 | D:13     | Killed a four-headed hydra
 14199 | D:13     | Killed a boulder beetle
 14219 | D:13     | Reached skill level 5 in Throwing
 14374 | D:13     | Got a slimy scale mail
 14463 | D:13     | Noticed a five-headed hydra
 14474 | D:13     | Killed a five-headed hydra
 14490 | D:13     | Noticed a boulder beetle
 14495 | D:13     | Killed a boulder beetle
 14600 | D:13     | Noticed a six-headed hydra
 14608 | D:13     | Killed a six-headed hydra
 14624 | D:13     | Identified the cursed +0 scale mail of Unreason {Will+++
                  | Str+4 SInv Stlth-} (You found it on level 13 of the
                  | Dungeon)
 14833 | D:13     | Noticed a vault guard
 14833 | D:13     | Noticed a vault guard
 14833 | D:13     | Noticed a vault guard
 14834 | D:13     | Found a gate to the Vaults.
 14834 | D:13     | Noticed a vault guard
 14834 | D:13     | Noticed a vault guard
 14834 | D:13     | Noticed a vault guard
 14836 | D:13     | Noticed a vault guard
 14836 | D:13     | Noticed a vault guard
 14845 | D:13     | Killed a vault guard
 14848 | D:13     | Killed a vault guard
 14855 | D:13     | Killed a vault guard
 14856 | D:13     | Reached XP level 13. HP: 104/117 MP: 12/12
 15850 | D:14     | Slain by a very large slime creature

Illustrated notes

Levels and vault maps discovered:
D:1:      dpeg_arrival_round_b, layout_loops_corners
D:2:      layout_basic, nzn_hepliaklqana_mist_gate
D:3:      minmay_thinvault, layout_basic, serial_bayou, serial_bayou_pond_d,
          serial_bayou_shore_a, serial_bayou_pond_c, serial_bayou_pond_d
D:4:      layout_basic, grunt_decor_mini_mirrors, serial_park_tiny_2,
          minmay_hedge_maze
D:5:      black_bear_nest_1, layout_basic, basic_altar, uniq_duvessa
D:6:      kennysheep_spiral_hall, layout_layer_cave,
          minmay_temple_entry_enclosed_plants, hangedman_decor_points
D:7:      layout_gridville, minmay_diced_spiral
D:8:      kennysheep_housing_project, layout_cave_pools
D:9:      layout_small_grid, serial_shops, shop_statue, guppyfry_shop_venom
D:10:     layout_irregular_city, minivault_7, uniq_gastronok
D:11:     erik_rubicon_b, layout_loops_cross, erik_lair_island
D:12:     layout_long_grid, zombieorc1_lemuel, basic_altar
D:13:     layout_loops_cross, erik_vaults_2
D:14:     layout_basic, serial_park_square3 [serial_park_minivault_5x5_7]
Temple:   roderic_octagonal_lattice_temple

Skill      XL: |  1  2  3  4  5  6  7  8  9 10 11 12 13 |
---------------+----------------------------------------+-----
Long Blades    | 3 4 5 6 7 |  7.2
Fighting       | 4 5 6 7 8 10 11 12 | 12.6
Armour         | 4 5 6 7 8 10 11 12 | 12.5
Shields        | 4 5 6 7 8 10 11 12 | 12.9
Maces & Flails | 3 7 10 11 12 | 12.5
Dodging        | 2 4 6 |  6.0
Throwing       | 2 3 5 6 |  6.0

Action                   |  1- 3 |  4- 6 |  7- 9 | 10-12 | 13-15 || total
-------------------------+-------+-------+-------+-------+-------++-------
Melee: Long sword        |    67 |    58 |    26 |       |       ||   151
       Headbutt          |     7 |    27 |    42 |    82 |    19 ||   177
       Short sword       |       |    93 |    75 |       |       ||   168
       Morningstar       |       |       |   149 |   480 |    93 ||   722
Throw: Stone             |       |       |       |     3 |       ||     3
Invok: Reject Sacrifices |       |       |     1 |     1 |       ||     2
 Abil: Evoke Blink       |       |       |       |     1 |       ||     1
  Use: Scroll            |       |     5 |     2 |       |     6 ||    13
       Potion            |       |       |       |       |     1 ||     1
Armor: Scale mail        |    37 |    22 |    69 |     7 |    15 ||   150
       Chain mail        |       |    12 |       |       |       ||    12
       Plate armour      |       |    28 |    55 |   236 |       ||   319
Dodge: Dodged            |    21 |    27 |    75 |   120 |    14 ||   257
Block: Kite shield       |    41 |    60 |   142 |   465 |    65 ||   773
       Reflection        |       |       |     4 |    22 |     7 ||    33
       Rpst.: Long sword |     8 |     3 |     1 |       |       ||    12
